 Dungeon Crawl Stone Soup version 0.26-b1-32-g5d43845318 (webtiles) character file.

Game seed: 12712412571004294531

273 Borgoz the Skirmisher (level 6, -1/52 HPs)
             Began as a Ghoul Gladiator on Jan 13, 2021.
             Slain by an orc
             ... wielding a +0 short sword
              (6 damage)
             ... on level 3 of the Dungeon.
             The game lasted 00:02:22 (2640 turns).

Borgoz the Skirmisher (Ghoul Gladiator)             Turns: 2640, Time: 00:02:23

Health: -1/52      AC:  5    Str: 20    XL:     6   Next: 24%
Magic:  5/5        EV: 13    Int:  3    God:
Gold:   77         SH:  0    Dex: 10    Spells: 5/5 levels left

rFire    . . .     SeeInvis .   a - +0 flail
rCold    + . .     Faith    .   (no shield)
rNeg     + + +     Spirit   .   b - +0 leather armour
rPois    ∞         Reflect  .   c - +1 helmet
rElec    .         Harm     .   (no cloak)
rCorr    .         Rampage  .   (no gloves)
Will     .....                  (no boots)
Stlth    +.........             (no amulet)
HPRegen  0.00/turn              (no ring)
MPRegen  0.09/turn              (no ring)

@: slowed, very slow
A: claws 1, cold resistance 1, negative energy resistance 3, inhibited
regeneration, torment resistance, unbreathing
a: no special abilities


You were on level 3 of the Dungeon.
You visited 1 branch of the dungeon, and saw 3 of its levels.

You collected 77 gold pieces.

Inventory:

Hand Weapons
 a - a +0 flail (weapon)
Missiles
 d - 3 throwing nets (quivered)
Armour
 b - a +0 leather armour (worn)
 c - a +1 helmet (worn)
Scrolls
 f - a scroll of teleportation
 n - a scroll of amnesia
 s - a scroll of magic mapping
Potions
 e - 2 potions of curing {unknown}
 g - a potion of haste {unknown}
 i - a potion of berserk rage {unknown}
 k - 2 potions of flight {unknown}
 l - a potion of ambrosia {unknown}
 m - 2 potions of heal wounds {unknown}
 p - a potion of lignification {unknown}
 q - a potion of might


   Skills:
 * Level 4.0 Fighting
 * Level 3.8 Maces & Flails
 - Level 1.7 Throwing
 * Level 2.4 Armour
 * Level 3.8 Dodging


You had 5 spell levels left.
You didn't know any spells.
Your spell library was empty.

Dungeon Overview and Level Annotations

Branches:
Dungeon (3/15)

Altars:
Fedhas
Kikubaaqudgha
Vehumet


Innate Abilities, Weirdness & Mutations

You thrive by killing the living.
You are immune to poison.
You have sharp fingernails.
Your flesh is cold resistant. (rC+)
You are immune to negative energy. (rN+++)
You do not regenerate when monsters are visible.
You are immune to unholy pain and torment.
You can survive without breathing.


Message History

* * * LOW HITPOINT WARNING * * *
The orc throws a boomerang.
The boomerang closely misses you.
The weapon returns to the orc!
You see here an adder corpse.
You closely miss the orc wizard.
The orc wizard is almost dead.
The orc wizard hits you but does no damage.
The adder bites you.
* * * LOW HITPOINT WARNING * * *
You closely miss the orc wizard.
The orc wizard is almost dead.
The adder bites you.
* * * LOW HITPOINT WARNING * * *
The orc wizard hits you with a +0 dagger.
* * * LOW HITPOINT WARNING * * *
The orc hits you with a +0 short sword.
* * * LOW HITPOINT WARNING * * *
The adder bites you but does no damage. The orc wizard closely misses you.
The orc hits you with a +0 short sword.
You die...

,,,*
*,****####...##.####...##
,,,* *,* #...##..........
**** *,* #...########.##.
****** *,* #...# #.##.
,,,,,* *,* #...# #....
,***,****,***** #...#
####.
,,,,,,,,,,,,,,*####.###
#..
,,**,***,****,*#).....#
#.# ,***,*
*,,,,,,*#@##.#.# #..
,***,* *,,*,#..ooS..#.#
### ,,,,,*
*,,#.........#,# ******
*,.....##.##.#,******
**..!..*#.##...,,,,>*
*,....,,.......#***,*
*,.!.,,,..#*.### *,*****
*,..>,,,..#*,*** *,,>,,*
****,,,***,,,,,* *****,*


You could see an orc wizard, an adder and an orc.

Vanquished Creatures
  Sigmund (D:2)
  2 gnolls
  4 adders
  An ooze (D:1)
  A dart slug (D:1)
  3 leopard geckos (D:2)
  An orc (D:3)
  2 giant cockroaches (D:1)
  7 goblins
  9 hobgoblins
  A ball python (D:1)
  5 bats
  2 frilled lizards
  8 kobolds
  7 rats
54 creatures vanquished.

Vanquished Creatures (others)
  6 plants (D:2)
  3 withered plants (D:2)
9 creatures vanquished.

Grand Total: 63 creatures vanquished

Notes
Turn   | Place    | Note
-------+----------+-------------------------------------------
     0 | D:1      | Borgoz the Ghoul Gladiator began the quest for the Orb.
     0 | D:1      | Reached XP level 1. HP: 17/17 MP: 0/0
    96 | D:1      | Reached XP level 2. HP: 23/25 MP: 1/1
   669 | D:1      | Reached XP level 3. HP: 29/30 MP: 2/2
   819 | D:1      | Reached skill level 1 in Armour
  1423 | D:2      | Reached skill level 3 in Fighting
  1431 | D:2      | Found a radiant altar of Vehumet.
  1544 | D:2      | Reached XP level 4. HP: 38/38 MP: 3/3
  1903 | D:2      | Noticed Sigmund
  1917 | D:2      | HP: 1/38 [Sigmund/puff of flame (8)]
  1918 | D:2      | Killed Sigmund
  1919 | D:2      | Reached XP level 5. HP: 1/46 MP: 4/4
  1919 | D:2      | Reached XP level 6. HP: 2/52 MP: 5/5
  2353 | D:2      | Found an ancient bone altar of Kikubaaqudgha.
  2353 | D:2      | Found a blossoming altar of Fedhas.
  2626 | D:3      | Reached skill level 4 in Fighting
  2640 | D:3      | Slain by an orc

Illustrated notes

Levels and vault maps discovered:
D:1:      co_arrival_hall_of_pillars, layout_loops_ring, minmay_tetromino_l2
D:2:      layout_loops_cross, grunt_temple_overflow_growth_and_decay,
          vehumet_crystals, kennysheep_cross_room, uniq_sigmund
D:3:      layout_loops_cross, lightli_temple_of_fire, portal_sewer_entry_e,
          serial_park_tiny_pond

Skill      XL: |  1  2  3  4  5  6 |
---------------+-------------------+-----
Dodging        | 3 |  3.8
Maces & Flails | 3 |  3.8
Armour         | 1 2 |  2.4
Fighting       | 3 4 |  4.0
Throwing       | |  1.7

Action                   |  1- 3 |  4- 6 || total
-------------------------+-------+-------++-------
Melee: Flail             |   111 |    93 ||   204
Throw: Throwing net      |       |     1 ||     1
  Use: Scroll            |       |     9 ||     9
 Stab: Held in net/web   |       |     1 ||     1
Armor: Leather armour    |    50 |    18 ||    68
Dodge: Dodged            |    91 |    64 ||   155
